Punishers vs Sasquatch (R1)

Created - November 7, 2017 at 19:10

Goals
1 2 3 OT1 SO T
Punishers 2 0 1 0 0 3
Sasquatch 1 0 2 0 1 4
Shots
1 2 3 OT1 SO T
Punishers 4 9 18 0 3 31
Sasquatch 12 4 21 0 2 37

1st period

1. Punishers , Mattias Tedenby 8 (Robbie Earl 15, Casey Cizikas 7) at 2:03
2. Sasquatch , Filip Forsberg 6 (Jason Akeson 8, Nick Leddy 12) at 11:06 (PP)
3. Punishers , Mattias Tedenby 9 (Robbie Earl 16, Casey Cizikas 8) at 13:13 (PP)

Penalties :
Casey Cizikas (Pro) for Hooking (Minor) at 3:48, David Rundblad (Pro) for Hooking (Minor) at 9:50, Greg Pateryn (Gat) for Tripping (Minor) at 13:06, Greg Pateryn (Gat) for Roughing (Double Minor) at 14:35, Casey Cizikas (Pro) for Hooking (Minor) at 14:48

2nd period

No Goal

Penalties :
Robbie Earl (Pro) for Holding (Minor) at 0:03, Stephane Da Costa (Gat) for Holding (Minor) at 3:12, Garret Ross (Pro) for High sticking (Minor) at 5:58, Jason Akeson (Gat) for Delaying the game (Minor) at 12:21, Greg Pateryn (Gat) for Tripping (Minor) at 14:56

3rd period

4. Sasquatch , Jason Akeson 2 (Filip Forsberg 11, Drew Shore 11) at 7:10 (PP)
5. Sasquatch , Rickard Rakell 3 (Brock Trotter 5, Garnet Hathaway 3) at 17:09
6. Punishers , Casey Cizikas 7 (Adam McQuaid 2, Mattias Tedenby 5) at 19:42

Penalties :
Tanner Glass (Pro) for Hooking (Minor) at 0:27, Casey Cizikas (Pro) for Hooking (Minor) at 7:07, Ryan Strome (Gat) for Elbowing (Minor) at 19:45

Overtime #1

No Goal

Penalties :
No Penalty

Shootout

Penalty Shot by Robbie Earl for Punishers - Shot Misses the Net
Penalty Shot by Ryan Strome for Sasquatch - Goal!
Penalty Shot by Tanner Glass for Punishers - Stopped by Corey Crawford
Penalty Shot by Tyler Randell for Sasquatch - Shot Misses the Net
Penalty Shot by Mattias Tedenby for Punishers - Stopped by Corey Crawford

Penalties :
No Penalty

Goalie Stats

Niklas Svedberg (Pro), 34 saves from 37 shots - (0.919), OTL, 7-2-2, 64:34 minutes
Corey Crawford (Gat), 28 saves from 31 shots - (0.903), W, 6-4-0, 65:00 minutes

Players Stats for Punishers

Player Name              G  A  P  +/- PIM S  H  SB GA TA FO     MP     PP MP  PK MP  
------------------------------------------------------------------------------------
Aaron Palushaj           0  0  0  -1  0   0  0  0  0  0  1/3    14:39   0:05   2:50 
Adam McQuaid             0  1  1   1  0   2  0  2  0  2  0/0    28:57   4:16   5:12 
Boone Jenner             0  0  0  -1  0   2  1  0  0  0  4/9    13:40   0:21   0:00 
Casey Cizikas            1  2  3   2  6   1  2  0  1  0  9/21   18:14   4:50   1:29 
Colton Gillies           0  0  0  -1  0   3  0  0  0  0  1/1    14:22   0:31   0:08 
David Laliberté          0  0  0   0  0   4  0  0  1  0  0/0    19:27   3:21   2:18 
David Rundblad           0  0  0   0  2   0  1  1  1  0  0/0    22:14   3:41   3:32 
Garret Ross              0  0  0   0  2   0  1  0  0  0  1/1     7:54   0:00   1:22 
Jordan Schmaltz          0  0  0   0  0   0  0  2  0  1  0/0    12:11   0:21   0:31 
Luke Adam                0  0  0   0  0   1  1  0  0  0  2/7    14:29   3:19   0:00 
Mattias Tedenby          2  1  3   2  0   8  3  0  0  1  2/2    20:47   4:41   2:18 
Nick Schultz             0  0  0   1  0   2  4  2  0  2  0/0    30:06   4:16   5:12 
Oscar Sundqvist          0  0  0   0  0   0  0  0  0  0  1/3     5:25   0:00   0:00 
Patrick Wiercioch        0  0  0   0  0   0  0  1  0  0  0/0    11:55   0:21   0:00 
Robbie Earl              0  2  2   2  2   6  3  2  1  0  8/15   27:24   4:36   3:40 
Stefan Elliott           0  0  0   0  0   0  0  1  0  0  0/0    22:27   3:41   3:44 
Tanner Glass             0  0  0   0  2   2  2  0  0  0  0/1    22:13   3:09   4:25 
Trevor Van Riemsdyk      0  0  0   0  0   0  0  0  0  0  0/0     2:15   0:00   0:19 

Players Stats for Sasquatch

Player Name              G  A  P  +/- PIM S  H  SB GA TA FO     MP     PP MP  PK MP  
------------------------------------------------------------------------------------
Brock Trotter            0  1  1   1  0   1  1  1  1  0  0/0    11:56   0:00   1:17 
Danny DeKeiser           0  0  0  -1  0   1  1  2  1  0  0/0    25:44   3:09   6:08 
Drew Shore               0  1  1  -1  0   3  2  2  1  2  19/30  22:52   5:39   5:20 
Filip Forsberg           1  1  2   0  0   5  2  0  0  0  3/4    21:45   5:39   1:40 
Garnet Hathaway          0  1  1   0  0   2  1  2  0  0  0/1    15:19   0:00   4:40 
Greg Pateryn             0  0  0   0  8   0  1  0  0  0  0/0    13:52   0:00   2:39 
Jason Akeson             1  1  2   0  2   6  3  1  0  1  0/0    18:46   5:39   0:08 
Jason Zucker             0  0  0  -1  0   2  1  0  0  0  0/0    13:15   3:36   0:00 
Jonathan Blum            0  0  0   0  0   1  1  1  0  0  0/0    23:57   3:09   3:55 
Nick Leddy               0  1  1   0  0   5  3  1  1  0  0/0    24:55   6:06   0:26 
Rickard Rakell           1  0  1   0  0   3  2  1  1  0  4/9    13:41   0:00   0:56 
Ryan Strome              0  0  0  -1  2   0  2  0  0  0  0/0    13:15   3:36   0:00 
Sergey Kalinin           0  0  0   0  0   0  3  0  0  0  2/3    10:08   0:00   2:06 
Slava Voynov             0  0  0   0  0   0  0  1  0  0  0/0    11:51   0:00   1:16 
Stephane Da Costa        0  0  0   0  2   5  2  1  0  0  6/16   16:59   3:36   0:08 
Teemu Hartikainen        0  0  0  -1  0   1  1  1  0  0  0/0    12:07   0:00   2:06 
Tyler Randell            0  0  0   0  0   0  0  0  0  0  0/0     7:48   0:00   0:00 
Yann Sauvé               0  0  0  -1  0   2  4  2  1  1  0/0    29:42   6:06   5:42 

3 Stars

1 - Mattias Tedenby (Pro)
2 - Filip Forsberg (Gat)
3 - Robbie Earl (Pro)

Power Play

Punishers - 1 on 7 Attempt(s) - 14.29%
Sasquatch - 2 on 7 Attempt(s) - 28.57%

Penalty Kill

Punishers - 5 on 7 Attempt(s) - 71.43% - Score 0 goal in Penalty Kill
Sasquatch - 6 on 7 Attempt(s) - 85.71% - Score 0 goal in Penalty Kill

Team Stat

Punishers - Hits : 18 - Faceoff Wins : 29 - Blocked Shots : 11 - Penalty Minutes : 14
Sasquatch - Hits : 30 - Faceoff Wins : 34 - Blocked Shots : 16 - Penalty Minutes : 14

Official

Referees : Sutherland Kelly and Lee Chris
Linesman : Scott Driscoll and Greg Devorski

Game Notes

No Game Note

Finance

Level 1 -- Attendance: 1430 (71.50%) -- Ticket Income $57,200
Level 2 -- Attendance: 763 (76.30%) -- Ticket Income $15,260
Total Attendance: 2193 (73.10%)
Total Ticket Income: $72,460
Other Income: $3,623
Total Income: $76,083

Punishers

5 vs 5 Forward 
   Center                   Left Wing                Right Wing               Time % Phy DF OF 
 1 Casey Cizikas            Robbie Earl              Mattias Tedenby          40     1   2  2  
 2 Luke Adam                Tanner Glass             David Laliberté          30     1   2  2  
 3 Boone Jenner             Colton Gillies           Aaron Palushaj           20     1   2  2  
 4 Oscar Sundqvist          Garret Ross              Robbie Earl              10     1   2  2  

5 vs 5 Defense 
   Defense                  Defense                                           Time % Phy DF OF 
 1 Nick Schultz             Adam McQuaid                                      40     1   2  2  
 2 David Rundblad           Stefan Elliott                                    30     1   2  2  
 3 Patrick Wiercioch        Jordan Schmaltz                                   20     1   2  2  
 4 Trevor Van Riemsdyk      Nick Schultz                                      10     1   2  2  

PowerPlay Forward 
   Center                   Left Wing                Right Wing               Time % Phy DF OF 
 1 Casey Cizikas            Robbie Earl              Mattias Tedenby          60     1   2  2  
 2 Luke Adam                Tanner Glass             David Laliberté          40     1   2  2  

PowerPlay Defense
   Defense                  Defense                                           Time % Phy DF OF 
 1 Nick Schultz             Adam McQuaid                                      60     1   2  2  
 2 David Rundblad           Stefan Elliott                                    40     1   2  2  

Penalty Kill 4 Players Forward 
   Center                   Wing                     Time % Phy DF OF 
 1 Robbie Earl              Tanner Glass             60     1   2  2  
 2 Mattias Tedenby          David Laliberté          40     1   2  2  

Penalty Kill 4 Players Defense
   Defense                  Defense                  Time % Phy DF OF 
 1 Nick Schultz             Adam McQuaid             60     1   2  2  
 2 David Rundblad           Stefan Elliott           40     1   2  2  

Penalty Kill - 3 Players Forward 
   Forward                                           Time % Phy DF OF 
 1 Robbie Earl                                       60     1   2  2  
 2 Tanner Glass                                      40     1   2  2  

Penalty Kill - 3 Players Defense
   Defense                  Defense                  Time % Phy DF OF 
 1 Nick Schultz             Adam McQuaid             60     1   2  2  
 2 David Rundblad           Stefan Elliott           40     1   2  2  

4 vs 4 Forward 
   Center                   Wing                     Time % Phy DF OF 
 1 Robbie Earl              Tanner Glass             60     1   2  2  
 2 Mattias Tedenby          David Laliberté          40     1   2  2  

4 vs 4 Defense
   Defense                  Defense                  Time % Phy DF OF 
 1 Nick Schultz             Adam McQuaid             60     1   2  2  
 2 David Rundblad           Stefan Elliott           40     1   2  2  

Last Minutes Offensive
   Center                   Left Wing                Right Wing               Defense                  Defense                  
   Casey Cizikas            Robbie Earl              Mattias Tedenby          Nick Schultz             Adam McQuaid             

Last Minutes Defensive
   Center                   Left Wing                Right Wing               Defense                  Defense                  
   Casey Cizikas            Robbie Earl              Mattias Tedenby          Nick Schultz             Adam McQuaid             

Goaltenders
Starting : Niklas Svedberg          
Backup : Louis Domingue           

Extra Forwards
Normal : Colton Gillies, Boone Jenner, Aaron Palushaj - PP : Colton Gillies, Boone Jenner - PK : Aaron Palushaj
Extra Defensemen
Normal : Patrick Wiercioch, Jordan Schmaltz, Trevor Van Riemsdyk - PP : Patrick Wiercioch - PK : Jordan Schmaltz, Trevor Van Riemsdyk
Penalty Shots
Robbie Earl, Tanner Glass, Mattias Tedenby, David Laliberté, Casey Cizikas

Scratches
Radek Faksa (Healthy), Miikka Salomaki (Left Ankle Injury), Quinton Howden (Healthy), Carter Ashton (Healthy), Damon Severson (Back Spasms Injury)
Dylan DeMelo (Healthy), Erik Nystrom (Healthy)

Sasquatch

5 vs 5 Forward 
   Center                   Left Wing                Right Wing               Time % Phy DF OF 
 1 Stephane Da Costa        Filip Forsberg           Jason Akeson             40     1   2  2  
 2 Drew Shore               Jason Zucker             Ryan Strome              30     1   2  2  
 3 Rickard Rakell           Brock Trotter            Garnet Hathaway          20     1   2  2  
 4 Sergey Kalinin           Teemu Hartikainen        Tyler Randell            10     1   2  2  

5 vs 5 Defense 
   Defense                  Defense                                           Time % Phy DF OF 
 1 Yann Sauvé               Nick Leddy                                        40     1   2  2  
 2 Danny DeKeiser           Jonathan Blum                                     30     1   2  2  
 3 Greg Pateryn             Slava Voynov                                      20     1   2  2  
 4 Jonathan Blum            Nick Leddy                                        10     1   2  2  

PowerPlay Forward 
   Center                   Left Wing                Right Wing               Time % Phy DF OF 
 1 Drew Shore               Filip Forsberg           Jason Akeson             60     1   2  2  
 2 Stephane Da Costa        Jason Zucker             Ryan Strome              40     1   2  2  

PowerPlay Defense
   Defense                  Defense                                           Time % Phy DF OF 
 1 Nick Leddy               Yann Sauvé                                        60     1   2  2  
 2 Danny DeKeiser           Jonathan Blum                                     40     1   2  2  

Penalty Kill 4 Players Forward 
   Center                   Wing                     Time % Phy DF OF 
 1 Drew Shore               Garnet Hathaway          60     1   2  2  
 2 Sergey Kalinin           Teemu Hartikainen        40     1   2  2  

Penalty Kill 4 Players Defense
   Defense                  Defense                  Time % Phy DF OF 
 1 Yann Sauvé               Danny DeKeiser           60     1   2  2  
 2 Greg Pateryn             Jonathan Blum            40     1   2  2  

Penalty Kill - 3 Players Forward 
   Forward                                           Time % Phy DF OF 
 1 Drew Shore                                        60     1   2  2  
 2 Rickard Rakell                                    40     1   2  2  

Penalty Kill - 3 Players Defense
   Defense                  Defense                  Time % Phy DF OF 
 1 Danny DeKeiser           Yann Sauvé               60     1   2  2  
 2 Jonathan Blum            Greg Pateryn             40     1   2  2  

4 vs 4 Forward 
   Center                   Wing                     Time % Phy DF OF 
 1 Drew Shore               Filip Forsberg           60     1   2  2  
 2 Stephane Da Costa        Jason Akeson             40     1   2  2  

4 vs 4 Defense
   Defense                  Defense                  Time % Phy DF OF 
 1 Danny DeKeiser           Yann Sauvé               60     1   2  2  
 2 Nick Leddy               Jonathan Blum            40     1   2  2  

Last Minutes Offensive
   Center                   Left Wing                Right Wing               Defense                  Defense                  
   Stephane Da Costa        Filip Forsberg           Jason Akeson             Nick Leddy               Jonathan Blum            

Last Minutes Defensive
   Center                   Left Wing                Right Wing               Defense                  Defense                  
   Drew Shore               Teemu Hartikainen        Garnet Hathaway          Yann Sauvé               Danny DeKeiser           

Goaltenders
Starting : Corey Crawford           
Backup : Joonas Korpisalo         

Extra Forwards
Normal : Rickard Rakell, Teemu Hartikainen, Stephane Da Costa - PP : Jason Zucker, Rickard Rakell - PK : Filip Forsberg
Extra Defensemen
Normal : Jonathan Blum, Slava Voynov, Yann Sauvé - PP : Yann Sauvé - PK : Slava Voynov, Greg Pateryn
Penalty Shots
Ryan Strome, Tyler Randell, Jason Zucker, Nick Leddy, Filip Forsberg

Scratches
Andy Andreoff (Healthy), T.J. Tynan (Healthy), Ty Rattie (Healthy), Michal Jordan (Abdomen/Ribs Injury), Joey Laleggia (Healthy)
Jack Campbell (Healthy)

% Time on Ice - Punishers

Lines # - Real PCT - Wanted PCT - Time Play
Normal Forward
1 - 29% - 40% - 11:19
2 - 30% - 30% - 11:51
3 - 28% - 20% - 11:01
4 - 14% - 10% - 5:25
Normal Defense
1 - 43% - 40% - 16:53
2 - 29% - 30% - 11:39
3 - 24% - 20% - 9:35
4 - 4% - 10% - 1:29
PP Forward
1 - 60% - 60% - 4:57
2 - 40% - 40% - 3:21
PP Defense
1 - 56% - 60% - 4:37
2 - 44% - 40% - 3:41
PK Forward
1 - 75% - 60% - 6:57
2 - 25% - 40% - 2:18
PK Defense
1 - 60% - 60% - 5:31
2 - 40% - 40% - 3:44
PK3 Forward
1 - 0% - 60%
2 - 0% - 40%
PK3 Defense
1 - 0% - 60%
2 - 0% - 40%
44 Forward
1 - 74% - 60% - 5:09
2 - 26% - 40% - 1:50
44 Defense
1 - 54% - 60% - 3:48
2 - 46% - 40% - 3:11
Last Minute Offensive  - 0:52
Last Minute Defensive  - 0:00
Total
Forward - 65:00
Defense - 65:00

% Time on Ice - Sasquatch

Lines # - Real PCT - Wanted PCT - Time Play
Normal Forward
1 - 31% - 40% - 12:12
2 - 25% - 30% - 9:53
3 - 25% - 20% - 9:46
4 - 20% - 10% - 7:48
Normal Defense
1 - 36% - 40% - 14:05
2 - 32% - 30% - 12:39
3 - 26% - 20% - 10:19
4 - 7% - 10% - 2:36
PP Forward
1 - 61% - 60% - 5:39
2 - 39% - 40% - 3:36
PP Defense
1 - 66% - 60% - 6:06
2 - 34% - 40% - 3:09
PK Forward
1 - 73% - 60% - 6:04
2 - 27% - 40% - 2:14
PK Defense
1 - 60% - 60% - 4:58
2 - 40% - 40% - 3:20
PK3 Forward
1 - 74% - 60% - 1:18
2 - 26% - 40% - 0:27
PK3 Defense
1 - 42% - 60% - 0:44
2 - 58% - 40% - 1:01
44 Forward
1 - 79% - 60% - 4:09
2 - 21% - 40% - 1:05
44 Defense
1 - 60% - 60% - 3:09
2 - 40% - 40% - 2:05
Last Minute Offensive  - 0:00
Last Minute Defensive  - 0:49
Total
Forward - 65:00
Defense - 65:00

Play by Play

1st period


0:01 of 1st period - Casey Cizikas wins face-off versus Stephane Da Costa in neutral zone.
0:12 of 1st period - Wrist shot by Stephane Da Costa.
0:12 of 1st period - Stopped by Niklas Svedberg with a rebound.
0:26 of 1st period - Drew Shore is hit by Tanner Glass and loses puck.
0:47 of 1st period - Snap shot by Garnet Hathaway.
0:47 of 1st period - Stopped by Niklas Svedberg without a rebound.
0:48 of 1st period - Aaron Palushaj wins face-off versus Rickard Rakell in Punishers zone.
1:54 of 1st period - Snap shot by Jason Zucker.
1:54 of 1st period - Stopped by Niklas Svedberg without a rebound.
1:55 of 1st period - Casey Cizikas wins face-off versus Drew Shore in Punishers zone.
1:55 of 1st period - Casey Cizikas is hit by Nick Leddy.
2:03 of 1st period - Snap shot by Mattias Tedenby.
2:03 of 1st period - Goal by Mattias Tedenby - Punishers : 1 - Sasquatch : 0.
2:04 of 1st period - Robbie Earl wins face-off versus Stephane Da Costa in neutral zone.
2:07 of 1st period - Danny DeKeiser is hit by Mattias Tedenby and loses puck.
2:16 of 1st period - Slapshot by Filip Forsberg.
2:16 of 1st period - Shot Misses the Net.
2:20 of 1st period - Snap shot by Stephane Da Costa.
2:20 of 1st period - Shot Blocked by Jordan Schmaltz.
3:40 of 1st period - Wrist shot by Filip Forsberg.
3:40 of 1st period - Shot Blocked by Robbie Earl.
3:42 of 1st period - Snap shot by Yann Sauvé.
3:42 of 1st period - Shot Blocked by Nick Schultz.
3:48 of 1st period - Minor Penalty to Casey Cizikas for Hooking.
3:49 of 1st period - Drew Shore wins face-off versus Robbie Earl in Punishers zone.
3:50 of 1st period - Slapshot by Jason Akeson.
3:50 of 1st period - Stopped by Niklas Svedberg with a rebound.
3:52 of 1st period - Slapshot by Danny DeKeiser.
3:52 of 1st period - Stopped by Niklas Svedberg with a rebound.
3:54 of 1st period - Snap shot by Filip Forsberg.
3:54 of 1st period - Stopped by Niklas Svedberg with a rebound.
4:04 of 1st period - Wrist shot by Drew Shore.
4:04 of 1st period - Stopped by Niklas Svedberg without a rebound.
4:05 of 1st period - Robbie Earl wins face-off versus Stephane Da Costa in Punishers zone.
5:48 of 1st period - Penalty to Casey Cizikas is over, Casey Cizikas is back on ice.
6:19 of 1st period - Robbie Earl is hit by Greg Pateryn and loses puck.
7:20 of 1st period - Greg Pateryn is hit by Nick Schultz and loses puck.
7:46 of 1st period - Off-side.
7:47 of 1st period - Luke Adam wins face-off versus Garnet Hathaway in neutral zone.
8:12 of 1st period - Robbie Earl is hit by Ryan Strome and loses puck.
9:50 of 1st period - Minor Penalty to David Rundblad for Hooking.
9:51 of 1st period - Filip Forsberg wins face-off versus Robbie Earl in Punishers zone.
10:04 of 1st period - Icing by Drew Shore.
10:05 of 1st period - Robbie Earl wins face-off versus Drew Shore in Sasquatch zone.
10:13 of 1st period - Off-side.
10:14 of 1st period - Robbie Earl wins face-off versus Drew Shore in neutral zone.
10:38 of 1st period - Off-side.
10:39 of 1st period - Mattias Tedenby wins face-off versus Stephane Da Costa in neutral zone.
10:50 of 1st period - Snap shot by Stephane Da Costa.
10:50 of 1st period - Stopped by Niklas Svedberg without a rebound.
10:51 of 1st period - Robbie Earl wins face-off versus Drew Shore in Punishers zone.
11:06 of 1st period - Wrist shot by Filip Forsberg.
11:06 of 1st period - Goal by Filip Forsberg - Punishers : 1 - Sasquatch : 1.
11:07 of 1st period - Stephane Da Costa wins face-off versus Casey Cizikas in neutral zone.
11:16 of 1st period - Wrist shot by Filip Forsberg.
11:16 of 1st period - Shot Hit the Post.
11:34 of 1st period - Adam McQuaid is hit by Yann Sauvé and loses puck.
11:55 of 1st period - Snap shot by Jason Zucker.
11:55 of 1st period - Stopped by Niklas Svedberg with a rebound.
12:17 of 1st period - David Rundblad is hit by Sergey Kalinin and loses puck.
12:36 of 1st period - David Laliberté is hit by Jason Akeson and loses puck.
13:06 of 1st period - Minor Penalty to Greg Pateryn for Tripping.
13:07 of 1st period - Casey Cizikas wins face-off versus Drew Shore in Sasquatch zone.
13:09 of 1st period - Wrist shot by Mattias Tedenby.
13:09 of 1st period - Shot Misses the Net.
13:11 of 1st period - Wrist shot by Mattias Tedenby.
13:11 of 1st period - Stopped by Corey Crawford with a rebound.
13:13 of 1st period - Snap shot by Mattias Tedenby.
13:13 of 1st period - Goal by Mattias Tedenby - Punishers : 2 - Sasquatch : 1.
13:14 of 1st period - Casey Cizikas wins face-off versus Filip Forsberg in neutral zone.
13:14 of 1st period - Casey Cizikas is hit by Filip Forsberg.
13:21 of 1st period - Nick Leddy is hit by Robbie Earl and loses puck.
13:30 of 1st period - Snap shot by Jason Akeson.
13:30 of 1st period - Shot Misses the Net.
13:40 of 1st period - Drew Shore is hit by Luke Adam and loses puck.
14:35 of 1st period - Double Minor Penalty to Greg Pateryn for Roughing.
14:36 of 1st period - Drew Shore wins face-off versus Casey Cizikas in Sasquatch zone.
14:36 of 1st period - Drew Shore is hit by Robbie Earl.
14:46 of 1st period - Snap shot by Drew Shore.
14:46 of 1st period - Stopped by Niklas Svedberg with a rebound.
14:48 of 1st period - Minor Penalty to Casey Cizikas for Hooking.
14:49 of 1st period - Drew Shore wins face-off versus Robbie Earl in Punishers zone.
15:11 of 1st period - Icing by Yann Sauvé.
15:12 of 1st period - Robbie Earl wins face-off versus Drew Shore in Sasquatch zone.
15:15 of 1st period - Wrist shot by Robbie Earl.
15:15 of 1st period - Stopped by Corey Crawford without a rebound.
15:16 of 1st period - Drew Shore wins face-off versus Robbie Earl in Sasquatch zone.
15:27 of 1st period - Snap shot by Robbie Earl.
15:27 of 1st period - Shot Misses the Net.
15:29 of 1st period - Snap shot by Robbie Earl.
15:29 of 1st period - Shot Blocked by Drew Shore.
15:31 of 1st period - Wrist shot by Robbie Earl.
15:31 of 1st period - Shot Misses the Net.
15:55 of 1st period - Snap shot by Stephane Da Costa.
15:55 of 1st period - Shot Misses the Net.
16:31 of 1st period - Slapshot by Rickard Rakell.
16:31 of 1st period - Shot Misses the Net.
16:48 of 1st period - Penalty to Casey Cizikas is over, Casey Cizikas is back on ice.
18:12 of 1st period - Nick Schultz is hit by Sergey Kalinin and loses puck.
18:35 of 1st period - Penalty to Greg Pateryn is over, Greg Pateryn is back on ice.
18:49 of 1st period - Oscar Sundqvist is hit by Danny DeKeiser and loses puck.
19:05 of 1st period - Icing by Oscar Sundqvist.
19:06 of 1st period - Oscar Sundqvist wins face-off versus Drew Shore in Punishers zone.
19:58 of 1st period - Snap shot by Teemu Hartikainen.
19:58 of 1st period - Stopped by Niklas Svedberg without a rebound.
19:59 of 1st period - Filip Forsberg wins face-off versus Casey Cizikas in Punishers zone.
Goals for this period are 2 for Punishers vs 1 for Sasquatch.
Shots for this period are 4 for Punishers vs 12 for Sasquatch.

2nd period


0:01 of 2nd period - Casey Cizikas wins face-off versus Stephane Da Costa in neutral zone.
0:03 of 2nd period - Minor Penalty to Robbie Earl for Holding.
0:04 of 2nd period - Drew Shore wins face-off versus Aaron Palushaj in Punishers zone.
0:51 of 2nd period - Backhand shot by Mattias Tedenby.
0:51 of 2nd period - Stopped by Corey Crawford without a rebound.
0:52 of 2nd period - Mattias Tedenby wins face-off versus Drew Shore in Sasquatch zone.
2:03 of 2nd period - Penalty to Robbie Earl is over, Robbie Earl is back on ice.
2:07 of 2nd period - Garret Ross is hit by Rickard Rakell and loses puck.
2:30 of 2nd period - Slapshot by Colton Gillies.
2:30 of 2nd period - Stopped by Corey Crawford without a rebound.
2:31 of 2nd period - Sergey Kalinin wins face-off versus Boone Jenner in Sasquatch zone.
2:47 of 2nd period - Snap shot by Colton Gillies.
2:47 of 2nd period - Shot Blocked by Danny DeKeiser.
2:57 of 2nd period - Nick Schultz is hit by Filip Forsberg and loses puck.
3:12 of 2nd period - Minor Penalty to Stephane Da Costa for Holding.
3:13 of 2nd period - Drew Shore wins face-off versus Casey Cizikas in Sasquatch zone.
5:12 of 2nd period - Penalty to Stephane Da Costa is over, Stephane Da Costa is back on ice.
5:25 of 2nd period - Stephane Da Costa is hit by Nick Schultz and loses puck.
5:30 of 2nd period - Slapshot by Boone Jenner.
5:30 of 2nd period - Stopped by Corey Crawford with a rebound.
5:32 of 2nd period - Snap shot by Patrick Wiercioch.
5:32 of 2nd period - Shot Misses the Net.
5:58 of 2nd period - Minor Penalty to Garret Ross for High sticking.
5:59 of 2nd period - Robbie Earl wins face-off versus Drew Shore in Punishers zone.
6:57 of 2nd period - Stefan Elliott is hit by Jonathan Blum and loses puck.
7:12 of 2nd period - David Laliberté is hit by Stephane Da Costa.
7:58 of 2nd period - Penalty to Garret Ross is over, Garret Ross is back on ice.
8:07 of 2nd period - Snap shot by Sergey Kalinin.
8:07 of 2nd period - Shot Misses the Net.
8:40 of 2nd period - Wrist shot by Aaron Palushaj.
8:40 of 2nd period - Shot Misses the Net.
8:42 of 2nd period - Slapshot by Patrick Wiercioch.
8:42 of 2nd period - Shot Blocked by Brock Trotter.
9:18 of 2nd period - Brock Trotter is hit by Boone Jenner and loses puck.
10:24 of 2nd period - Off-side.
10:25 of 2nd period - Sergey Kalinin wins face-off versus Oscar Sundqvist in neutral zone.
10:53 of 2nd period - Snap shot by Garnet Hathaway.
10:53 of 2nd period - Shot Misses the Net.
12:21 of 2nd period - Minor Penalty to Jason Akeson for Delaying the game.
12:22 of 2nd period - Drew Shore wins face-off versus Casey Cizikas in Sasquatch zone.
12:33 of 2nd period - Wrist shot by Garnet Hathaway.
12:33 of 2nd period - Shot Misses the Net.
13:19 of 2nd period - Greg Pateryn is hit by Tanner Glass and loses puck.
13:51 of 2nd period - Robbie Earl is hit by Yann Sauvé and loses puck.
13:56 of 2nd period - Wrist shot by Brock Trotter.
13:56 of 2nd period - Stopped by Niklas Svedberg with a rebound.
14:08 of 2nd period - Tanner Glass is hit by Garnet Hathaway and loses puck.
14:21 of 2nd period - Penalty to Jason Akeson is over, Jason Akeson is back on ice.
14:21 of 2nd period - David Rundblad is hit by Teemu Hartikainen and loses puck.
14:34 of 2nd period - Slapshot by Jason Akeson.
14:34 of 2nd period - Stopped by Niklas Svedberg without a rebound.
14:35 of 2nd period - Stephane Da Costa wins face-off versus Boone Jenner in Punishers zone.
14:44 of 2nd period - Snap shot by Jason Akeson.
14:44 of 2nd period - Stopped by Niklas Svedberg without a rebound.
14:45 of 2nd period - Boone Jenner wins face-off versus Stephane Da Costa in Punishers zone.
14:45 of 2nd period - Boone Jenner is hit by Jason Akeson.
14:56 of 2nd period - Minor Penalty to Greg Pateryn for Tripping.
14:57 of 2nd period - Drew Shore wins face-off versus Robbie Earl in Sasquatch zone.
14:57 of 2nd period - Drew Shore is hit by Nick Schultz.
15:02 of 2nd period - Snap shot by Yann Sauvé.
15:02 of 2nd period - Shot Blocked by Adam McQuaid.
15:08 of 2nd period - Snap shot by Mattias Tedenby.
15:08 of 2nd period - Shot Blocked by Drew Shore.
15:10 of 2nd period - Snap shot by Mattias Tedenby.
15:10 of 2nd period - Stopped by Corey Crawford without a rebound.
15:11 of 2nd period - Drew Shore wins face-off versus Casey Cizikas in Sasquatch zone.
15:22 of 2nd period - Slapshot by Adam McQuaid.
15:22 of 2nd period - Shot Blocked by Garnet Hathaway.
15:24 of 2nd period - Snap shot by Casey Cizikas.
15:24 of 2nd period - Shot Misses the Net.
15:26 of 2nd period - Slapshot by Casey Cizikas.
15:26 of 2nd period - Shot Blocked by Yann Sauvé.
15:36 of 2nd period - Adam McQuaid is hit by Sergey Kalinin and loses puck.
15:43 of 2nd period - Snap shot by David Laliberté.
15:43 of 2nd period - Stopped by Corey Crawford with a rebound.
15:45 of 2nd period - Slapshot by David Laliberté.
15:45 of 2nd period - Stopped by Corey Crawford without a rebound.
15:46 of 2nd period - Drew Shore wins face-off versus Casey Cizikas in Sasquatch zone.
16:01 of 2nd period - Snap shot by Mattias Tedenby.
16:01 of 2nd period - Shot Blocked by Jonathan Blum.
16:56 of 2nd period - Penalty to Greg Pateryn is over, Greg Pateryn is back on ice.
17:33 of 2nd period - Yann Sauvé is hit by Garret Ross and loses puck.
17:43 of 2nd period - Off-side.
17:44 of 2nd period - Drew Shore wins face-off versus Tanner Glass in neutral zone.
17:55 of 2nd period - Slapshot by Luke Adam.
17:55 of 2nd period - Stopped by Corey Crawford with a rebound.
17:57 of 2nd period - Slapshot by David Rundblad.
17:57 of 2nd period - Shot Misses the Net.
17:59 of 2nd period - Slapshot by David Rundblad.
17:59 of 2nd period - Shot Misses the Net.
18:09 of 2nd period - Boone Jenner is hit by Jason Akeson and loses puck.
18:36 of 2nd period - Snap shot by Rickard Rakell.
18:36 of 2nd period - Stopped by Niklas Svedberg with a rebound.
18:50 of 2nd period - Wrist shot by David Laliberté.
18:50 of 2nd period - Shot Misses the Net.
18:52 of 2nd period - Snap shot by David Laliberté.
18:52 of 2nd period - Stopped by Corey Crawford with a rebound.
18:54 of 2nd period - Snap shot by Luke Adam.
18:54 of 2nd period - Shot Misses the Net.
19:06 of 2nd period - Slapshot by Jason Zucker.
19:06 of 2nd period - Shot Misses the Net.
19:36 of 2nd period - Slapshot by Mattias Tedenby.
19:36 of 2nd period - Stopped by Corey Crawford with a rebound.
19:38 of 2nd period - Slapshot by David Rundblad.
19:38 of 2nd period - Shot Misses the Net.
Goals for this period are 0 for Punishers vs 0 for Sasquatch.
Shots for this period are 9 for Punishers vs 4 for Sasquatch.

3rd period


0:01 of 3rd period - Casey Cizikas wins face-off versus Stephane Da Costa in neutral zone.
0:27 of 3rd period - Minor Penalty to Tanner Glass for Hooking.
0:28 of 3rd period - Drew Shore wins face-off versus Robbie Earl in Punishers zone.
0:28 of 3rd period - Wrist shot by Filip Forsberg.
0:28 of 3rd period - Stopped by Niklas Svedberg with a rebound.
0:30 of 3rd period - Slapshot by Nick Leddy.
0:30 of 3rd period - Stopped by Niklas Svedberg with a rebound.
0:32 of 3rd period - Wrist shot by Drew Shore.
0:32 of 3rd period - Stopped by Niklas Svedberg with a rebound.
0:34 of 3rd period - Snap shot by Yann Sauvé.
0:34 of 3rd period - Deflect By Adam McQuaid.
0:34 of 3rd period - Stopped by Niklas Svedberg with a rebound.
1:02 of 3rd period - Slapshot by Nick Leddy.
1:02 of 3rd period - Stopped by Niklas Svedberg with a rebound.
1:16 of 3rd period - Robbie Earl is hit by Drew Shore and loses puck.
2:17 of 3rd period - Jason Akeson is hit by Casey Cizikas and loses puck.
2:24 of 3rd period - Garret Ross is hit by Drew Shore and loses puck.
2:27 of 3rd period - Penalty to Tanner Glass is over, Tanner Glass is back on ice.
2:42 of 3rd period - Wrist shot by Brock Trotter.
2:42 of 3rd period - Deflect By Rickard Rakell.
2:42 of 3rd period - Stopped by Niklas Svedberg without a rebound.
2:43 of 3rd period - Rickard Rakell wins face-off versus Luke Adam in Punishers zone.
3:10 of 3rd period - Teemu Hartikainen is hit by David Rundblad and loses puck.
3:15 of 3rd period - Snap shot by Colton Gillies.
3:15 of 3rd period - Stopped by Corey Crawford with a rebound.
4:56 of 3rd period - Off-side.
4:57 of 3rd period - Boone Jenner wins face-off versus Rickard Rakell in neutral zone.
5:08 of 3rd period - Backhand shot by Boone Jenner.
5:08 of 3rd period - Stopped by Corey Crawford without a rebound.
5:09 of 3rd period - Stephane Da Costa wins face-off versus Casey Cizikas in Sasquatch zone.
5:34 of 3rd period - Luke Adam is hit by Jason Zucker and loses puck.
5:57 of 3rd period - Backhand shot by Colton Gillies.
5:57 of 3rd period - Stopped by Corey Crawford with a rebound.
7:07 of 3rd period - Minor Penalty to Casey Cizikas for Hooking.
7:08 of 3rd period - Drew Shore wins face-off versus Aaron Palushaj in Punishers zone.
7:08 of 3rd period - Snap shot by Filip Forsberg.
7:08 of 3rd period - Stopped by Niklas Svedberg with a rebound.
7:10 of 3rd period - Snap shot by Jason Akeson.
7:10 of 3rd period - Goal by Jason Akeson - Punishers : 2 - Sasquatch : 2.
7:11 of 3rd period - Luke Adam wins face-off versus Stephane Da Costa in neutral zone.
7:18 of 3rd period - Wrist shot by Tanner Glass.
7:18 of 3rd period - Shot Blocked by Nick Leddy.
7:20 of 3rd period - Snap shot by David Laliberté.
7:20 of 3rd period - Shot Misses the Net.
7:22 of 3rd period - Slapshot by Adam McQuaid.
7:22 of 3rd period - Shot Blocked by Jason Akeson.
7:24 of 3rd period - Slapshot by Adam McQuaid.
7:24 of 3rd period - Stopped by Corey Crawford with a rebound.
7:26 of 3rd period - Snap shot by Tanner Glass.
7:26 of 3rd period - Shot Blocked by Yann Sauvé.
8:07 of 3rd period - Slapshot by Nick Schultz.
8:07 of 3rd period - Stopped by Corey Crawford without a rebound.
8:08 of 3rd period - Stephane Da Costa wins face-off versus Luke Adam in Sasquatch zone.
8:33 of 3rd period - David Rundblad is hit by Ryan Strome and loses puck.
8:42 of 3rd period - Wrist shot by Robbie Earl.
8:42 of 3rd period - Shot Misses the Net.
9:17 of 3rd period - Slapshot by Teemu Hartikainen.
9:17 of 3rd period - Shot Blocked by Patrick Wiercioch.
9:19 of 3rd period - Snap shot by Jonathan Blum.
9:19 of 3rd period - Stopped by Niklas Svedberg with a rebound.
9:21 of 3rd period - Snap shot by Danny DeKeiser.
9:21 of 3rd period - Shot Misses the Net.
9:30 of 3rd period - Off-side.
9:31 of 3rd period - Casey Cizikas wins face-off versus Stephane Da Costa in neutral zone.
9:34 of 3rd period - Slapshot by Nick Schultz.
9:34 of 3rd period - Shot Misses the Net.
9:36 of 3rd period - Slapshot by Nick Schultz.
9:36 of 3rd period - Shot Blocked by Stephane Da Costa.
9:38 of 3rd period - Snap shot by Robbie Earl.
9:38 of 3rd period - Stopped by Corey Crawford with a rebound.
9:40 of 3rd period - Slapshot by Robbie Earl.
9:40 of 3rd period - Stopped by Corey Crawford with a rebound.
9:42 of 3rd period - Wrist shot by Robbie Earl.
9:42 of 3rd period - Stopped by Corey Crawford with a rebound.
9:53 of 3rd period - Wrist shot by Filip Forsberg.
9:53 of 3rd period - Stopped by Niklas Svedberg without a rebound.
9:54 of 3rd period - Drew Shore wins face-off versus Boone Jenner in Punishers zone.
10:28 of 3rd period - Snap shot by Filip Forsberg.
10:28 of 3rd period - Shot Misses the Net.
11:03 of 3rd period - Snap shot by Robbie Earl.
11:03 of 3rd period - Shot Blocked by Slava Voynov.
11:06 of 3rd period - Icing by Brock Trotter.
11:07 of 3rd period - Garret Ross wins face-off versus Rickard Rakell in Sasquatch zone.
11:20 of 3rd period - Snap shot by Garnet Hathaway.
11:20 of 3rd period - Stopped by Niklas Svedberg with a rebound.
11:39 of 3rd period - Luke Adam is hit by Stephane Da Costa and loses puck.
12:16 of 3rd period - Wrist shot by Robbie Earl.
12:16 of 3rd period - Stopped by Corey Crawford with a rebound.
12:30 of 3rd period - Slapshot by Jonathan Blum.
12:30 of 3rd period - Shot Blocked by David Rundblad.
12:42 of 3rd period - Snap shot by Stephane Da Costa.
12:42 of 3rd period - Stopped by Niklas Svedberg without a rebound.
12:43 of 3rd period - Stephane Da Costa wins face-off versus Oscar Sundqvist in Punishers zone.
12:48 of 3rd period - Slapshot by Filip Forsberg.
12:48 of 3rd period - Shot Blocked by Jordan Schmaltz.
12:50 of 3rd period - Wrist shot by Jason Akeson.
12:50 of 3rd period - Stopped by Niklas Svedberg with a rebound.
12:52 of 3rd period - Slapshot by Nick Leddy.
12:52 of 3rd period - Stopped by Niklas Svedberg with a rebound.
12:54 of 3rd period - Wrist shot by Nick Leddy.
12:54 of 3rd period - Shot Blocked by Robbie Earl.
12:56 of 3rd period - Slapshot by Filip Forsberg.
12:56 of 3rd period - Shot Misses the Net.
12:58 of 3rd period - Slapshot by Yann Sauvé.
12:58 of 3rd period - Stopped by Niklas Svedberg without a rebound.
12:59 of 3rd period - Drew Shore wins face-off versus Luke Adam in Punishers zone.
13:00 of 3rd period - Slapshot by Nick Leddy.
13:00 of 3rd period - Deflect By Nick Schultz.
13:00 of 3rd period - Stopped by Niklas Svedberg with a rebound.
13:06 of 3rd period - Slapshot by Tanner Glass.
13:06 of 3rd period - Stopped by Corey Crawford with a rebound.
13:08 of 3rd period - Wrist shot by David Laliberté.
13:08 of 3rd period - Stopped by Corey Crawford without a rebound.
13:09 of 3rd period - Drew Shore wins face-off versus Luke Adam in Sasquatch zone.
13:34 of 3rd period - Wrist shot by David Laliberté.
13:34 of 3rd period - Deflect By Luke Adam.
13:34 of 3rd period - Shot Misses the Net.
13:34 of 3rd period - Puck is out of play.
13:35 of 3rd period - Casey Cizikas wins face-off versus Stephane Da Costa in Sasquatch zone.
13:36 of 3rd period - Snap shot by Mattias Tedenby.
13:36 of 3rd period - Stopped by Corey Crawford with a rebound.
13:41 of 3rd period - Stephane Da Costa is hit by Robbie Earl and loses puck.
14:02 of 3rd period - David Rundblad is hit by Rickard Rakell and loses puck.
14:07 of 3rd period - Slapshot by Nick Leddy.
14:07 of 3rd period - Stopped by Niklas Svedberg with a rebound.
14:25 of 3rd period - Wrist shot by Tanner Glass.
14:25 of 3rd period - Stopped by Corey Crawford with a rebound.
14:27 of 3rd period - Snap shot by Nick Schultz.
14:27 of 3rd period - Shot Misses the Net.
14:29 of 3rd period - Slapshot by Adam McQuaid.
14:29 of 3rd period - Deflect By Yann Sauvé.
14:29 of 3rd period - Stopped by Corey Crawford without a rebound.
14:30 of 3rd period - Stephane Da Costa wins face-off versus Luke Adam in Sasquatch zone.
14:37 of 3rd period - Snap shot by Jason Akeson.
14:37 of 3rd period - Deflect By Stephane Da Costa.
14:37 of 3rd period - Stopped by Niklas Svedberg with a rebound.
14:57 of 3rd period - Off-side.
14:58 of 3rd period - Casey Cizikas wins face-off versus Drew Shore in neutral zone.
15:13 of 3rd period - Slapshot by Stefan Elliott.
15:13 of 3rd period - Shot Misses the Net.
15:23 of 3rd period - Colton Gillies is hit by Nick Leddy and loses puck.
16:04 of 3rd period - Snap shot by Teemu Hartikainen.
16:04 of 3rd period - Deflect By Sergey Kalinin.
16:04 of 3rd period - Shot Blocked by Nick Schultz.
16:04 of 3rd period - Puck is out of play.
16:05 of 3rd period - Boone Jenner wins face-off versus Sergey Kalinin in Punishers zone.
16:30 of 3rd period - Robbie Earl is hit by Brock Trotter and loses puck.
16:42 of 3rd period - Icing by Adam McQuaid.
16:43 of 3rd period - Filip Forsberg wins face-off versus Casey Cizikas in Punishers zone.
16:52 of 3rd period - Snap shot by Filip Forsberg.
16:52 of 3rd period - Shot Misses the Net.
16:54 of 3rd period - Backhand shot by Jason Akeson.
16:54 of 3rd period - Deflect By Stephane Da Costa.
16:54 of 3rd period - Shot Blocked by Adam McQuaid.
16:54 of 3rd period - Puck is out of play.
16:55 of 3rd period - Boone Jenner wins face-off versus Rickard Rakell in Punishers zone.
16:55 of 3rd period - Boone Jenner is hit by Nick Leddy.
17:01 of 3rd period - Slapshot by Garnet Hathaway.
17:01 of 3rd period - Shot Misses the Net.
17:03 of 3rd period - Slapshot by Yann Sauvé.
17:03 of 3rd period - Shot Misses the Net.
17:05 of 3rd period - Snap shot by Garnet Hathaway.
17:05 of 3rd period - Shot Misses the Net.
17:07 of 3rd period - Snap shot by Brock Trotter.
17:07 of 3rd period - Shot Misses the Net.
17:09 of 3rd period - Slapshot by Rickard Rakell.
17:09 of 3rd period - Goal by Rickard Rakell - Punishers : 2 - Sasquatch : 3.
17:10 of 3rd period - Rickard Rakell wins face-off versus Boone Jenner in neutral zone.
17:46 of 3rd period - Snap shot by Stephane Da Costa.
17:46 of 3rd period - Stopped by Niklas Svedberg with a rebound.
17:48 of 3rd period - Snap shot by Jason Akeson.
17:48 of 3rd period - Stopped by Niklas Svedberg with a rebound.
18:56 of 3rd period - Slava Voynov is hit by Casey Cizikas and loses puck.
19:02 of 3rd period - Off-side.
19:03 of 3rd period - Mike Yeo call a timeout for Punishers.
19:03 of 3rd period - Rickard Rakell wins face-off versus Casey Cizikas in neutral zone.
19:05 of 3rd period - Off-side.
19:06 of 3rd period - Rickard Rakell wins face-off versus Casey Cizikas in neutral zone.
19:13 of 3rd period - Yann Sauvé is hit by Mattias Tedenby and loses puck.
19:16 of 3rd period - Punishers, Niklas Svedberg is pulled from the net.
19:20 of 3rd period - Wrist shot by Mattias Tedenby.
19:20 of 3rd period - Shot Misses the Net.
19:22 of 3rd period - Slapshot by Casey Cizikas.
19:22 of 3rd period - Shot Hit the Post.
19:24 of 3rd period - Snap shot by Nick Schultz.
19:24 of 3rd period - Shot Misses the Net.
19:26 of 3rd period - Snap shot by Nick Schultz.
19:26 of 3rd period - Shot Blocked by Rickard Rakell.
19:28 of 3rd period - Snap shot by Robbie Earl.
19:28 of 3rd period - Stopped by Corey Crawford with a rebound.
19:30 of 3rd period - Backhand shot by Nick Schultz.
19:30 of 3rd period - Stopped by Corey Crawford with a rebound.
19:32 of 3rd period - Wrist shot by Mattias Tedenby.
19:32 of 3rd period - Stopped by Corey Crawford with a rebound.
19:34 of 3rd period - Wrist shot by Adam McQuaid.
19:34 of 3rd period - Shot Misses the Net.
19:36 of 3rd period - Wrist shot by Robbie Earl.
19:36 of 3rd period - Shot Blocked by Danny DeKeiser.
19:38 of 3rd period - Wrist shot by Mattias Tedenby.
19:38 of 3rd period - Shot Blocked by Garnet Hathaway.
19:40 of 3rd period - Snap shot by Adam McQuaid.
19:40 of 3rd period - Shot Blocked by Teemu Hartikainen.
19:42 of 3rd period - Snap shot by Casey Cizikas.
19:42 of 3rd period - Goal by Casey Cizikas - Punishers : 3 - Sasquatch : 3.
19:42 of 3rd period - Niklas Svedberg from Punishers was sent back in the game.
19:43 of 3rd period - Drew Shore wins face-off versus Boone Jenner in neutral zone.
19:45 of 3rd period - Minor Penalty to Ryan Strome for Elbowing.
19:46 of 3rd period - Drew Shore wins face-off versus Casey Cizikas in Sasquatch zone.
Goals for this period are 1 for Punishers vs 2 for Sasquatch.
Shots for this period are 18 for Punishers vs 21 for Sasquatch.

Overtime #1


0:01 of 1st overtime period - Drew Shore wins face-off versus Robbie Earl in neutral zone.
0:53 of 1st overtime period - Greg Pateryn is hit by Nick Schultz and loses puck.
1:08 of 1st overtime period - Wrist shot by Rickard Rakell.
1:08 of 1st overtime period - Shot Blocked by Stefan Elliott.
1:29 of 1st overtime period - Off-side.
1:30 of 1st overtime period - Robbie Earl wins face-off versus Drew Shore in neutral zone.
1:45 of 1st overtime period - Penalty to Ryan Strome is over, Ryan Strome is back on ice.
2:02 of 1st overtime period - Off-side.
2:03 of 1st overtime period - Colton Gillies wins face-off versus Rickard Rakell in neutral zone.
4:07 of 1st overtime period - Stefan Elliott is hit by Yann Sauvé and loses puck.
4:34 of 1st overtime period - Tanner Glass is hit by Yann Sauvé.
4:54 of 1st overtime period - Brock Trotter is hit by Mattias Tedenby and loses puck.
Goals for this period are 0 for Punishers vs 0 for Sasquatch.
Shots for this period are 0 for Punishers vs 0 for Sasquatch.

ShootOut


5:00 of 1st overtime period - Penalty Shot by Robbie Earl for Punishers.
5:00 of 1st overtime period - Snap shot by Robbie Earl.
5:00 of 1st overtime period - Shot Misses the Net.
5:00 of 1st overtime period - Penalty Shot by Ryan Strome for Sasquatch.
5:00 of 1st overtime period - Backhand shot by Ryan Strome.
5:00 of 1st overtime period - Goal by Ryan Strome.
5:00 of 1st overtime period - Penalty Shot by Tanner Glass for Punishers.
5:00 of 1st overtime period - Snap shot by Tanner Glass.
5:00 of 1st overtime period - Stopped by Corey Crawford.
5:00 of 1st overtime period - Penalty Shot by Tyler Randell for Sasquatch.
5:00 of 1st overtime period - Snap shot by Tyler Randell.
5:00 of 1st overtime period - Shot Misses the Net.
5:00 of 1st overtime period - Penalty Shot by Mattias Tedenby for Punishers.
5:00 of 1st overtime period - Backhand shot by Mattias Tedenby.
5:00 of 1st overtime period - Stopped by Corey Crawford.